 Dungeon Crawl Stone Soup version 0.31-a0-426-g3a05650e59 (webtiles) character file.

Game seed: 5046432843150536680

66 Maxmaps the Ducker (level 4, 0/31 HPs)
             Began as an Octopode Shapeshifter on July 30, 2023.
             Slain by Duvessa
             ... wielding a +0 short sword
              (5 damage)
             ... on level 4 of the Dungeon.
             The game lasted 00:01:28 (2554 turns).

Maxmaps the Ducker (Octopode Shapeshifter)          Turns: 2554, Time: 00:01:29

Health: 0/31       AC:  1    Str: 14    XL:     4   Next: 15%
Magic:  4/4        EV: 13    Int: 12    God:
Gold:   138        SH:  0    Dex: 12    Spells: 3/3 levels left

rFire   . .          .
                       - Unarmed
rCold   . . .        (no shield)
rNeg    . . .        (helmet currently unavailable)
rPois   .            (no amulet)
rElec   .            (no ring)
rCorr   .            (no ring)
SInv    .            (no ring)
Will    .....        (no ring)
Stlth   ++           (no ring)
HPRegen 0.25/turn    (no ring)
MPRegen 0.09/turn    (no ring)
                     (no ring)

%: no passive effects
@: beast-form
A: beast (slay +2), almost no armour, amphibious, 8 rings, camouflage 1,
gelatinous body 1, (nimble swimmer 1), tentacles
a: Begin Untransformation


You were on level 4 of the Dungeon.
You were a hulking beast.
You visited 1 branch of the dungeon, and saw 4 of its levels.

You collected 138 gold pieces.

Inventory:

Jewellery
 k - an amulet of guardian spirit
Talismans
 b - a beast talisman (active)
Scrolls
 c - 3 scrolls of butterflies {unknown}
 e - 3 scrolls of identify {unknown}
 h - a scroll of vulnerability {unknown}
 j - a scroll of torment {unknown}
 l - a scroll of teleportation {unknown}
 m - a scroll of blinking {unknown}
 n - a scroll of enchant armour {unknown}
 o - a scroll of fear {unknown}
Potions
 a - 4 potions of lignification
 d - 2 potions of attraction {unknown}
 f - a potion of degeneration {unknown}
 g - a potion of mutation {unknown}
 i - a potion of berserk rage {unknown}
 p - a potion of enlightenment {unknown}
 q - a potion of ambrosia {unknown}


   Skills:
 + Level 3.0 Fighting
 - Level 3.1 Dodging
 - Level 3.0 Unarmed Combat
 - Level 3.0 Shapeshifting


You had 3 spell levels left.
You didn't know any spells.
Your spell library contained the following spells:

 Spells                   Type           Power      Damage    Failure   Level
 Blink                    Tloc           0%         N/A       45%         2
 Lesser Beckoning         Tloc           0%         N/A       45%         2
 Momentum Strike          Conj/Tloc      0%         3d8       45%         2
 Poisonous Vapours        Pois/Air       0%         N/A       45%         2
 Mephitic Cloud           Conj/Pois/Air  0%         N/A       69%         3
 Freezing Cloud           Conj/Ice/Air   0%         6-21      100%        5


Dungeon Overview and Level Annotations

Branches:
Dungeon (4/15)
 Temple: D:4-7

Altars:

Annotations:
D:4 Dowan, Duvessa


Innate Abilities, Weirdness & Mutations

You are a hulking beast.
Your limbs bulge with bestial killing power. (Slay +2)
You cannot wear most types of armour.
You are amphibious.
You can wear up to eight rings at the same time.
Your skin changes colour to match your surroundings (Stealth+).
Your rubbery body absorbs attacks. (AC +1, EV +1)
((You are camouflaged when in or above water. (Stealth+)))
You have tentacles for arms and can constrict up to eight enemies at once.


Message History

Found a short jewelled staff and 6 gold pieces.
There is a stone staircase leading up here.
Key pressed, stopping travel.
A kobold comes into view. It is wielding a +0 short sword.
A kobold is nearby!
You see here a staff of poison.
A kobold is nearby!
Found a serpent talisman.
Found a stone staircase leading up.
The helpless kobold fails to defend itself.
You tentacle-slap the kobold.
You kill the kobold!
No target in view!
No target in view!
No target in view!
No target in view!
No target in view!
No target in view!
No target in view!
No target in view!
No target in view!
No target in view!
No target in view!
Dowan, Brother of Duvessa comes into view.
He is wielding a +0 vampiric dagger and carrying a wand of polymorph.
Dowan shouts!
Duvessa, Sister of Dowan comes into view.
She is wielding a +0 short sword.
Dowan points at Duvessa and mumbles some strange words.
Duvessa shouts!
Duvessa seems to speed up.
You see here a serpent talisman.
Dowan says, "Magic and the sword, together, will defeat you."
Dowan casts a spell.
Dowan blinks!
Duvessa hits you with a +0 short sword. Duvessa attacks as you move away!
Duvessa hits you with a +0 short sword! Duvessa hits you with a +0 short sword.
Duvessa hits you with a +0 short sword!
* * * LOW HITPOINT WARNING * * *
Duvessa hits you with a +0 short sword.
You die...

...............#
#..............##
#...............#
#...............#
#......$........#
#...............# .
#..............# ##..
#...h.|........##....
#....e......).#......
##............§......
##...........◎<.....
#######.......##...
#......## #........
#..######## ...##


You could see Duvessa (fast).

Vanquished Creatures
  An adder (D:3)
  A dart slug (D:1)
  3 orcs (D:3)
  6 endoplasms
  2 giant cockroaches
  3 goblins (D:1)
  5 hobgoblins
  2 kobolds
  4 quokkas
  7 ball pythons
  3 bats
  4 frilled lizards
  7 rats
48 creatures vanquished.

Notes
Turn   | Place    | Note
-------+----------+-------------------------------------------
     0 | D:1      | Maxmaps the Octopode Shapeshifter began the quest for the
                  | Orb.
     0 | D:1      | Reached XP level 1. HP: 13/13 MP: 1/1
   131 | D:1      | Reached XP level 2. HP: 18/19 MP: 2/2
   507 | D:1      | Reached XP level 3. HP: 25/25 MP: 3/3
  2277 | D:3      | Reached XP level 4. HP: 24/31 MP: 4/4
  2541 | D:4      | Noticed Dowan
  2541 | D:4      | Noticed Duvessa
  2554 | D:4      | Slain by Duvessa

Illustrated notes

Levels and vault maps discovered:
D:1:      wheals_arrival_shading, layout_basic
D:2:      layout_basic
D:3:      layout_rooms, minmay_hedge_maze
D:4:      layout_cave_pods, uniq_pikel, uniq_edmund, uniq_grinder, uniq_robin,
          uniq_duvessa

Skill      XL: |  1  2  3  4 |
---------------+-------------+-----
Fighting       | 2 3 |  3.0
Dodging        | 3 |  3.1
Unarmed Combat | |  3.0
Shapeshifting  | |  3.0

Action                     |  1- 3 |  4- 6 || total
---------------------------+-------+-------++-------
  Melee: Unarmed           |    70 |     7 ||    77
         Tentacles         |    19 |     2 ||    21
         Constrict         |    17 |     3 ||    20
         Punch             |     2 |       ||     2
   Stab: Sleeping          |    12 |     2 ||    14
 Armour: Skin              |     4 |       ||     4
  Dodge: Dodged            |    44 |     1 ||    45

Table legend: (Time is in decaauts)
 A = Elapsed time spent in this place.
 B = Non-inter-level travel time spent in this place.
 C = Inter-level travel time spent in this place.
 D = Time resting spent in this place.
 E = Time spent auto-exploring this place.
 F = Levels seen in this place.
 G = Mean time per level.
                   A        B        C        D        E       F      G
               +--------+--------+--------+--------+--------+-----+--------+
         Total |   2548 |   2398 |    150 |     56 |   2037 |   4 |  637.0 |
       Dungeon |   2548 |   2398 |    150 |     56 |   2037 |   4 |  637.0 |
               +--------+--------+--------+--------+--------+-----+--------+

Top non-repeatable levels by time:
     D:2: 1166 daAuts
     D:1: 952 daAuts
     D:3: 402 daAuts
     D:4: 26 daAuts
